 Dungeon Crawl Stone Soup version 0.17-a0-1719-g1afd5a1 (webtiles) character file.

181 shakdrar the Insei (level 5, -8/39 HPs)
             Began as a Vampire Monk on Aug 28, 2015.
             Killed by nerve-wracking pain
             ... invoked by Grinder
              (13 damage)
             ... on level 4 of the Dungeon.
             The game lasted 00:14:39 (3177 turns).

shakdrar the Insei (Vampire Monk)                   Turns: 3177, Time: 00:14:39

Health: -8/39      AC:  2    Str: 10    XL:     5   Next: 34%
Magic:  5/5        EV: 14    Int: 13    God:
Gold:   127        SH:  0    Dex: 17    Spells: 0 memorised, 4 levels left

rFire  . . .     SeeInvis +       - Unarmed
rCold  . . .     Clarity  .     a - +0 robe
rNeg   + . .     SustAt   .     (no shield)
rPois  .         Gourm    .     (no helmet)
rElec  .         Spirit   .     (no cloak)
rCorr  .         Warding  .     (no gloves)
rMut   .         Stasis   .     (no boots)
MR     .....                    (no amulet)
Stlth  +++.......               (no ring)
                                e - +1 ring of slaying

@: not resistant to hostile enchantments, fairly stealthy
A: fangs 3, see invisible, unbreathing
a: Bat Form


You were on level 4 of the Dungeon.
You were not thirsty.

You visited 2 branches of the dungeon, and saw 5 of its levels.

You collected 127 gold pieces.

Inventory:

Armour
 a - a +0 robe (worn)
Jewellery
 c - an uncursed ring of flight
 e - a +1 ring of slaying (left hand)
Scrolls
 d - 2 scrolls of remove curse
 f - a scroll of teleportation
 g - a scroll of identify
Books
 b - a Grand Grimoire

   Spells                             Type                      Level
   a - Monstrous Menagerie            Summoning                    6
   b - Summon Greater Demon           Summoning                    7
   c - Malign Gateway                 Summoning/Translocation      7
   d - Summon Horrible Things         Summoning                    8


   Skills:
 - Level 2.6 Fighting
 - Level 3.2 Dodging
 - Level 3.0 Stealth
 + Level 7.3 Unarmed Combat


You had 4 spell levels left.
You didn't know any spells.

Dungeon Overview and Level Annotations

Branches:
Dungeon (4/15)             Temple (1/1) D:4

Altars:
Ashenzari
Cheibriados
Gozag
Makhleb
Nemelex Xobeh
Okawaru
Qazlal
Ru
Sif Muna
Trog
Vehumet
Zin
The Shining One

Annotations:
D:3 Sigmund
D:4 Grinder


Innate Abilities, Weirdness & Mutations

You have razor-sharp teeth.
You have supernaturally acute eyesight.
You can survive without breathing.


Message History

Grinder closely misses you.
You closely miss Grinder.
Grinder is severely wounded.
You punch Grinder!
Grinder is almost dead.
Grinder barely misses you.
You aren't carrying any potions.
You barely miss Grinder.
Grinder is almost dead.
Grinder hits you.
* * * LOW HITPOINT WARNING * * *
Unknown command.
You hit Grinder. Your punch misses Grinder.
Grinder is almost dead.
Grinder closely misses you.
You punch Grinder!
Grinder is almost dead.
Grinder gestures at you. Pain shoots through your body!
You die...

#.# #.###.##.# #.#
#.#####.##...#.# #.#
#.......#......# #.#
...#.........#.# #.#
#...5.<###.##.#######.#
...####................# #.
#.###.############ # ..#
#5# ### #@# #.# #.#
#.######### ###
######.........###.##
#.................#.#
#######.####..######.###.##
........###...## #.# #.#
.##..(.....>...#####.# #.#


You could see Grinder.

Vanquished Creatures
  7 adders
  2 gnolls (D:1)
  An ooze (D:3)
  An adder skeleton (D:4)
  4 worms (D:3)
  2 giant geckos
  A giant cockroach (D:1)
  8 goblins
  14 hobgoblins
  7 jackals (D:2)
  A quokka (D:2)
  12 bats
  3 giant newts
  4 kobolds
  A quokka skeleton (D:1)
  17 rats
85 creatures vanquished.

Notes
Turn   | Place    | Note
--------------------------------------------------------------
     0 | D:1      | shakdrar the Vampire Monk began the quest for the Orb.
     0 | D:1      | Reached XP level 1. HP: 17/17 MP: 1/1
    13 | D:1      | Reached XP level 2. HP: 23/23 MP: 2/2
    21 | D:1      | Reached skill level 5 in Unarmed Combat
   354 | D:1      | Reached XP level 3. HP: 8/28 MP: 3/3
   894 | D:1      | Reached skill level 6 in Unarmed Combat
  1236 | D:2      | Reached XP level 4. HP: 29/34 MP: 4/4
  1580 | D:2      | Found a glowing golden altar of the Shining One.
  2146 | D:3      | Noticed Sigmund
  2184 | D:3      | You fall through a shaft!
  2350 | D:4      | Found a staircase to the Ecumenical Temple.
  2358 | Temple   | Entered the Ecumenical Temple
  2482 | D:4      | Noticed Grinder
  2487 | D:4      | Paralysed by Grinder for 6 turns
  2685 | D:3      | Reached skill level 7 in Unarmed Combat
  2685 | D:3      | Reached XP level 5. HP: 35/39 MP: 5/5
  3066 | D:4      | Noticed a slave
  3068 | D:4      | Noticed a slave
  3154 | D:4      | Paralysed by Grinder for 5 turns
  3167 | D:4      | Paralysed by Grinder for 3 turns
  3177 | D:4      | Killed from afar by Grinder

Vault maps used:
D:1:      evilmike_arrival_hilbert_curve, st_stairs_4, minivault_11,
          serial_bayou_pond_e, roderic_serpentine_path, minmay_statues_item,
          hangedman_decor_opposing, minmay_rat_gold_closets
D:2:      nicolae_overflow_crystal_walls, serial_forest,
          infiniplex_forest_lined_3_way, infiniplex_forest_lined_3,
          infiniplex_forest_lined_2, infiniplex_forest_end_3,
          infiniplex_forest_clump_long, infiniplex_forest_3_way,
          infiniplex_forest_lined_ring
D:3:      st_stairs_8, kennysheep_generic_room_5, uniq_sigmund
D:4:      minmay_temple_entry_enclosed_plants, uniq_pikel, uniq_grinder,
          uniq_duvessa
Temple:   circular_temple_12

Action                   |  1- 3 |  4- 6 || total
-------------------------+-------+-------++-------
Melee: Unarmed           |   133 |   118 ||   251
  Use: Scroll            |     4 |     3 ||     7
       Potion            |     1 |     3 ||     4
 Stab: Sleeping          |    16 |     8 ||    24
       Distracted        |     1 |       ||     1
  Eat: Corpse            |    12 |     5 ||    17
